 Dungeon Crawl Stone Soup version 0.17-a0-1748-g222fba8 (webtiles) character file.

124 ololoev the Caller (level 4, 0/33 HPs)
             Began as a Draconian Summoner on Sept 1, 2015.
             Killed by divine providence
             ... invoked by an orc priest
              (13 damage)
             ... on level 3 of the Dungeon.
             The game lasted 00:06:39 (3246 turns).

ololoev the Caller (Draconian Summoner)             Turns: 3246, Time: 00:06:39

Health: 0/33       AC:  5    Str: 11    XL:     4   Next: 81%
Magic:  15/17      EV: 12    Int: 16    God:
Gold:   73         SH:  0    Dex: 11    Spells: 4 memorised, 0 levels left

rFire  . . .     SeeInvis .     p - +0 spear
rCold  . . .     Clarity  .     (armour unavailable)
rNeg   . . .     SustAt   .     (no shield)
rPois  .         Gourm    .     (helmet restricted)
rElec  .         Spirit   .     (no cloak)
rCorr  .         Warding  .     (no gloves)
rMut   .         Stasis   .     (no boots)
MR     .....                    (no amulet)
Stlth  +.........               r - ring of magical power
                                d - ring of loudness (curse)

@: not resistant to hostile enchantments, very unstealthy
A: unfitting armour, cold-blooded, AC +5
a: no special abilities


Innate Abilities, Weirdness & Mutations

Your plain brown scales are hard (AC +5).
Your body does not fit into most forms of armour.
You are cold-blooded and may be slowed by cold attacks.

Inventory:

Hand weapons
 p - a +0 spear (weapon)
Jewellery
 d - a cursed ring of loudness (left hand)
 r - a ring of magical power (right hand)
Scrolls
 e - 2 scrolls of enchant weapon {unknown}
 g - 2 scrolls of magic mapping {unknown}
 j - a scroll of fear {unknown}
 n - a scroll of identify {unknown}
 q - a scroll of amnesia {unknown}
Potions
 h - a potion of poison {unknown}
 i - a potion of haste {unknown}
 k - a potion of curing {unknown}
 l - a potion of lignification {unknown}
 m - a potion of invisibility {unknown}
 o - a potion of agility
Books
 a - a book of Callings

   Spells                             Type                      Level
   a - Summon Small Mammal            Summoning                    1
   b - Call Imp                       Summoning                    2
   c - Call Canine Familiar           Summoning                    3
   d - Summon Guardian Golem          Hexes/Summoning              3
   e - Summon Lightning Spire         Summoning/Air                4
   f - Summon Ice Beast               Ice/Summoning                4
Comestibles
 b - 3 bread rations
 c - a meat ration
 f - 4 fruits
 s - a royal jelly
 t - a beef jerky


   Skills:
 * Level 2.2 Polearms
 - Level 1.7 Dodging
 - Level 1.7 Stealth
 + Level 3.0 Spellcasting
 - Level 5.0 Summonings


You couldn't memorise any spells.
You knew the following spells:

 Your Spells              Type           Power        Failure   Level  Hunger
a - Summon Small Mammal   Summ           ###.         2%          1    #......
b - Call Imp              Summ           ###.....     4%          2    ##.....
c - Call Canine Familiar  Summ           ###.....     10%         3    ###....
d - Summon Guardian Gole  Hex/Summ       ##......     21%         3    ###....


You were on level 3 of the Dungeon.
You were hungry.

You visited 1 branch of the dungeon, and saw 3 of its levels.

You collected 73 gold pieces.

#.# #.# ..# ###
##########
#........#### ####
#.# #.......# ... #.#
#.##.##.##.# #.#
#.##..@o.o.##.#
####.###.#####h#....#
#..............##..##
#.##†#..######## .##
#.##.#....... #.
#.#..#....... #.
.###.#(##........ .o
........(........ #o
.###............. .#

Notes
Turn   | Place    | Note
--------------------------------------------------------------
     0 | D:1      | ololoev the Draconian Summoner began the quest for the Orb.
     0 | D:1      | Reached XP level 1. HP: 14/14 MP: 3/3
   616 | D:1      | Reached XP level 2. HP: 17/20 MP: 5/5
   646 | D:1      | Learned a level 2 spell: Call Imp
   987 | D:1      | HP: 1/20 [jackal (2)]
  1775 | D:2      | Reached XP level 3. HP: 23/26 MP: 3/6
  1869 | D:2      | Learned a level 3 spell: Call Canine Familiar
  2191 | D:3      | Reached skill level 1 in Polearms
  2191 | D:3      | Reached XP level 4. HP: 24/33 MP: 8/8
  2258 | D:3      | Reached skill level 5 in Summonings
  2273 | D:3      | Learned a level 3 spell: Summon Guardian Golem
  2510 | D:3      | Noticed Jessica
  2516 | D:3      | Killed Jessica
  3246 | D:3      | Killed from afar by an orc priest

Dungeon Overview and Level Annotations

Branches:
Dungeon (3/15)

Altars:


Message History

No target in view!
No target in view!
You are feeling hungry.
The orc priest shouts!
The orc shouts!
You start waiting.
You hit the orc but do no damage. The orc hits you with a club.
You closely miss the orc. The orc hits you with a club.
You hit the orc.
The orc is heavily wounded.
The orc hits you with a club.
Casting: Call Canine Familiar
Confirm with . or Enter, or press ? or * to list all spells.
You hit the orc but do no damage.
The orc is heavily wounded.
The orc hits you but does no damage.
Your hound bites the orc but does no damage.
You hit the orc but do no damage.
The orc is heavily wounded.
The orc hits you but does no damage.
Your hound bites the orc but does no damage.
The orc priest invokes the aid of Beogh against you.
Something smites you!
You hit the orc but do no damage.
The orc is heavily wounded.
Your hound bites the orc but does no damage.
The orc barely misses you.
The orc priest looks braver for a moment.
Your hound bites the orc but does no damage.
You hit the orc but do no damage.
You tail-slap the orc, but do no damage.
The orc is heavily wounded.
Your hound bites the orc but does no damage.
The orc closely misses your hound.
The orc priest calls upon Beogh to heal the orc.
The orc's wounds heal themselves!
You closely miss the orc.
Your tail-slap misses the orc.
Your hound bites the orc but does no damage.
The orc priest mumbles some strange prayers to Beogh against you.
Something smites you!
You die...

You could see an orc priest, an orc and a friendly hound.

Vanquished Creatures
  An orc wizard (D:3)
  An ooze (D:2)
  2 giant geckos (D:2)
  An orc (D:3)
  5 bats
  2 giant cockroaches
  4 goblins
  A hobgoblin (D:3)
  3 jackals (D:1)
  A quokka (D:2)
  4 giant newts
  4 kobolds
  5 rats
34 creatures vanquished.

Vanquished Creatures (collateral kills)
  An orc priest (D:3)
  Jessica (D:3)
  3 adders
  A bat (D:3)
  2 goblins (D:1)
  3 hobgoblins
  A jackal (D:1)
12 creatures vanquished.

Grand Total: 46 creatures vanquished

Action                   |  1- 3 |  4- 6 || total
-------------------------+-------+-------++-------
Melee: Unarmed           |   140 |       ||   140
       Dagger            |    24 |       ||    24
       Spear             |    58 |    55 ||   113
 Cast: Summon Small Mamm |    11 |       ||    11
       Call Imp          |     3 |     2 ||     5
       Call Canine Famil |     1 |     4 ||     5
  Use: Potion            |     1 |       ||     1
 Stab: Sleeping          |     1 |       ||     1
  Eat: Chunk             |     5 |     3 ||     8

Vault maps used:
D:1:      dpeg_arrival_tiny_c
D:3:      uniq_jessica
